 Dungeon Crawl Stone Soup version 0.30-a0-304-gdc4b735fe1 (webtiles) character file.

Game seed: 3945307872093362093

136 Hubris850 the Cudgeller (level 5, -3/54 HPs)
             Began as an Ogre Berserker on Oct 20, 2022.
             Was a Believer of Trog.
             Slain by a scorpion (5 damage)
             ... on level 3 of the Dungeon.
             The game lasted 00:03:59 (2561 turns).

Hubris850 the Cudgeller (Ogre Berserker)            Turns: 2561, Time: 00:03:59

Health: -3/54      AC:  3    Str: 20 (23) XL:     5   Next: 19%
Magic:  5/5        EV:  8    Int:  5 (8)  God:    Trog [**....]
Gold:   196        SH:  5    Dex:  7 (8)  Spells: 4/4 levels left

rFire   . . .      SeeInvis .    f - +2 war axe (flame)
rCold   . . .      Faith    .    r - +0 kite shield
rNeg    . . .      Spirit   .    b - +0 animal skin
rPois   .          Reflect  .    (helmet restricted)
rElec   .          Harm     .    (no cloak)
rCorr   .          Rampage  .    (gloves unavailable)
Will    .....                    (boots unavailable)
Stlth   +.........               (no amulet)
HPRegen 0.29/turn                (no ring)
MPRegen 0.09/turn                (no ring)

@: lethally poisoned (-3 -> -28)
A: large, unfitting armour, tough skin 1
a: Renounce Religion, Berserk, Trog's Hand


You were on level 3 of the Dungeon.
You worshipped Trog.
Trog was pleased with you.
You visited 1 branch of the dungeon, and saw 3 of its levels.

You collected 196 gold pieces.

Inventory:

Hand Weapons
 a - a +0 mace
 f - a +2 war axe of flaming (weapon)
 i - a +0 morningstar
Missiles
 l - 3 poisoned darts (quivered)
Armour
 b - a +0 animal skin (worn)
 r - a +0 kite shield (worn)
Scrolls
 c - 2 scrolls of teleportation {unknown}
 d - a scroll of blinking {unknown}
 e - 2 scrolls of noise {unknown}
 g - 2 scrolls of identify {unknown}
 h - a scroll of fear {unknown}
 k - 3 scrolls of vulnerability {unknown}
 m - a scroll of immolation {unknown}
 n - a scroll of amnesia {unknown}
Potions
 o - a potion of flight {unknown}
 p - a potion of might {unknown}
 q - a potion of curing {unknown}


   Skills:
 - Level 4.0 Fighting
 + Level 4.6 Maces & Flails
 - Level 3.6 Dodging


You had 4 spell levels left.
You didn't know any spells.
Your spell library was empty.

Dungeon Overview and Level Annotations

Branches:
Dungeon (3/15)

Altars:
Cheibriados
Gozag

Shops:
D:1 =   D:3 =


Innate Abilities, Weirdness & Mutations

You are too large for most types of armour.
You have tough skin. (AC +1)


Message History

You hit the scorpion but do no damage. The scorpion barely misses you.
The scorpion stings you.
You hit the scorpion. You burn the scorpion.
The scorpion is moderately wounded.
You block the scorpion's attack.
You barely miss the scorpion.
The scorpion is moderately wounded.
The scorpion barely misses you. The scorpion stings you.
You closely miss the scorpion.
The scorpion is moderately wounded.
The scorpion stings you.
You are poisoned.
The scorpion poisons you! The scorpion stings you.
You are more poisoned.
The scorpion poisons you!
You barely miss the scorpion.
The scorpion is moderately wounded.
You feel extremely sick. The scorpion barely misses you.
You block the scorpion's attack.
You slash the scorpion! You burn the scorpion.
The scorpion is severely wounded.
You feel very sick. The scorpion stings you. The scorpion stings you!
You hit the scorpion. You burn the scorpion.
The scorpion is almost dead.
You feel very sick. The scorpion stings you.
* * * LOW HITPOINT WARNING * * *
You are lethally poisoned!
The scorpion poisons you!
It was a potion of degeneration.
There was something very wrong with that liquid.
You feel weakened.
You feel dopey.
You feel clumsy.
* * * LOW HITPOINT WARNING * * *
You feel very sick. The scorpion stings you!
* * * LOW HITPOINT WARNING * * *
You are more poisoned.
The scorpion poisons you! The scorpion stings you.
You die...

### ### .. # #.#
...### #.# #..
.#... #.# #.# ###
... #.# #.#
..###s# #†# #.#
#.#@# #.#####.#
#.##
.......[#######.#
#.####..........#
..# #....#####.#
### .## #.##.#
#.# #.. .# #.##.#
#.# #.# .# #.##†#
#.# #.# .# #.##.#
#.# #.#


You could see a scorpion.

Vanquished Creatures
  An orc priest (D:2)
  A mummy (D:3)
  3 adders
  A worm (D:2)
  2 dart slugs
  3 orcs (D:2)
  4 endoplasms
  A giant cockroach (D:2)
  4 hobgoblins
  6 jackals
  3 kobolds
  4 quokkas (D:2)
  2 ball pythons (D:2)
  4 bats
  3 frilled lizards
  8 goblins
  5 rats
55 creatures vanquished.

Notes
Turn   | Place    | Note
-------+----------+-------------------------------------------
     0 | D:1      | Hubris850 the Ogre Berserker began the quest for the Orb.
     0 | D:1      | Reached XP level 1. HP: 24/24 MP: 1/1
   167 | D:1      | Reached XP level 2. HP: 32/32 MP: 2/2
   644 | D:1      | Found Uleor's Jewellery Shoppe.
   768 | D:2      | Reached XP level 3. HP: 39/39 MP: 3/3
  1087 | D:2      | Found a faded altar of an unknown god.
  1183 | D:2      | Reached XP level 4. HP: 23/48 MP: 4/4
  1933 | D:2      | Reached ** piety under Trog
  2125 | D:3      | Reached XP level 5. HP: 40/54 MP: 5/5
  2225 | D:3      | Found a snail-covered altar of Cheibriados.
  2342 | D:3      | Found Awad's Jewellery Shop.
  2445 | D:3      | Found an opulent altar of Gozag.
  2561 | D:3      | HP: 2/54 [scorpion (7)]
  2561 | D:3      | Slain by a scorpion

Illustrated notes

Levels and vault maps discovered:
D:1:      dpeg_arrival_simpleton_a, layout_loops_ring, serial_shops, shop
D:2:      layout_loops_corners, hellmonk_ecumenical_altar_inner_sanctum
D:3:      layout_loops_ring, nicolae_overflow_ecumenical_swirl, slow_altar_1,
          nicolae_gozag_cash_rules_everything_around_me,
          ebering_ghost_rock_garden, serial_shops, shop

Skill      XL: |  1  2  3  4 |
---------------+-------------+-----
Maces & Flails | 3 4 |  4.6
Dodging        | 3 |  3.6
Fighting       | |  4.0

Action                   |  1- 3 |  4- 6 || total
-------------------------+-------+-------++-------
Melee: Mace              |    33 |       ||    33
       War axe           |    39 |    82 ||   121
       Punch             |     1 |     1 ||     2
  Use: Potion            |       |     1 ||     1
 Stab: Sleeping          |     2 |     1 ||     3
Armor: Animal skin       |    23 |    20 ||    43
Dodge: Dodged            |    44 |    48 ||    92
Block: Kite shield       |       |     2 ||     2

Table legend: (Time is in decaauts)
 A = Elapsed time spent in this place.
 B = Non-inter-level travel time spent in this place.
 C = Inter-level travel time spent in this place.
 D = Time resting spent in this place.
 E = Time spent auto-exploring this place.
 F = Levels seen in this place.
 G = Mean time per level.
                   A        B        C        D        E       F      G
               +--------+--------+--------+--------+--------+-----+--------+
         Total |   2614 |   2567 |     47 |    412 |   1730 |   3 |  871.3 |
       Dungeon |   2614 |   2567 |     47 |    412 |   1730 |   3 |  871.3 |
               +--------+--------+--------+--------+--------+-----+--------+

Top non-repeatable levels by time:
     D:2: 1313 daAuts
     D:1: 738 daAuts
     D:3: 562 daAuts
